 Dungeon Crawl Stone Soup version 0.22.1-1-ga44c0e5 (webtiles) character file.

1314 Lauz the Carver (level 8, -6/71 HPs)
             Began as a Minotaur Berserker on Oct 30, 2018.
             Was a Priest of Trog.
             Mangled by bmj180's ghost (15 damage)
             ... on level 5 of the Dungeon.
             The game lasted 00:11:05 (5095 turns).

Lauz the Carver (Minotaur Berserker)                Turns: 5095, Time: 00:11:06

Health: -6/71      AC:  5    Str: 24    XL:     8   Next: 32%
Magic:  7/7        EV: 12    Int:  4    God:    Trog [***...]
Gold:   282        SH:  0    Dex: 10    Spells: 7/7 levels left

rFire    . . .     SeeInvis .   a - +0 falchion
rCold    + . .     Gourm    .   (no shield)
rNeg     . . .     Faith    .   v - +0 leather armour {rC+}
rPois    .         Spirit   .   (helmet restricted)
rElec    .         Reflect  .   (no cloak)
rCorr    .         Harm     .   q - +0 pair of gloves
MR       .....                  n - +0 pair of boots
Stlth    +.........             (no amulet)
HPRegen  0.21/turn              (no ring)
MPRegen  0.10/turn              (no ring)

@: berserk cooldown, slowed, very slow
A: retaliatory headbutt, horns 2
a: Berserk, Trog's Hand, Renounce Religion


You were on level 5 of the Dungeon.
You worshipped Trog.
Trog was most pleased with you.
You were very hungry.

You visited 1 branch of the dungeon, and saw 5 of its levels.

You collected 282 gold pieces.

Inventory:

Hand Weapons
 a - a +0 falchion (weapon)
Armour
 b - a +0 animal skin
 j - a +0 plate armour
 n - a +0 pair of boots (worn)
 o - a +0 shield
 q - a +0 pair of gloves (worn)
 v - a +0 leather armour of cold resistance (worn)
Wands
 u - a wand of random effects (69)
 x - a wand of disintegration (16)
Scrolls
 e - 2 scrolls of fog {unknown}
 i - 6 scrolls of identify {unknown}
 k - a scroll of teleportation {unknown}
 p - a scroll of fear {unknown}
 r - 4 scrolls of remove curse {unknown}
 s - a scroll of enchant armour {unknown}
 w - a scroll of immolation {unknown}
Potions
 d - a potion of haste {unknown}
 f - 3 potions of cancellation {unknown}
 g - 4 potions of heal wounds {unknown}
 h - 2 potions of mutation {unknown}
 l - a potion of resistance {unknown}
 m - 2 potions of curing {unknown}
 t - 2 potions of magic {unknown}
 z - a potion of agility {unknown}
Comestibles
 c - 3 rations
 A - a chunk of flesh


   Skills:
 + Level 6.6 Fighting
 + Level 10.8 Long Blades
 * Level 3.4 Armour
 * Level 2.9 Dodging
 - Level 0.4 Shields


You had 7 spell levels left.
You didn't know any spells.
Your spell library was empty.

Dungeon Overview and Level Annotations

Branches:
Dungeon (5/15)
 Temple: D:4-7

Altars:
Ashenzari

Annotations:
D:5 bmj180's ghost, amateur TrFi


Innate Abilities, Weirdness & Mutations

You reflexively headbutt those who attack you in melee.
You have a pair of horns on your head.


Message History

You completely miss bmj180's ghost.
Bmj180's ghost is severely damaged.
Bmj180's ghost hits you!
You hit bmj180's ghost but do no damage.
Your headbutt misses bmj180's ghost.
Bmj180's ghost is severely damaged.
The ogre hits you with a giant club!!
* * * LOW HITPOINT WARNING * * *
Bmj180's ghost hits you.
* * * LOW HITPOINT WARNING * * *
There are monsters nearby!
Bmj180's ghost hits you but does no damage.
The ogre closely misses you.
Bmj180's ghost hits you but does no damage.
Bmj180's ghost barely misses you.
Bmj180's ghost whispers, "Death is liberation."
There is a transporter here.
You enter the transporter and appear at another place.
Bmj180's ghost hits you!
You die...

#.......##.....#.........
#######........#.........
#.########......... #.#
#......... #.# #.........
#.# #......... ##.##
#.........
######...#######.........
#[....©.@W....##.........
################.........
##....[$....§#######'####
#.#..#.#..#.# #.####
#..##...##.O# #.....
#..##...##..############
#.#..#.#).#.##.........#
#.....©.....##.#######.#
##############.# #.#


You could see bmj180's ghost.

Vanquished Creatures
  Grinder (D:3)
  A hippogriff (D:4)
  Sigmund (D:4)
  An ogre (D:5)
  A centaur (D:3)
  2 scorpions (D:5)
  A howler monkey (D:4)
  A crimson imp (D:5)
  A hound (D:4)
  An orc priest (D:4)
  2 orc wizards (D:4)
  Ijyb (D:4)
  4 worker ants
  A hound skeleton (D:4)
  7 gnolls
  6 adders
  2 oozes
  2 adder skeletons
  2 worms
  A dart slug (D:3)
  4 orcs
  5 bats
  3 giant cockroaches
  11 goblins
  7 hobgoblins
  8 jackals (D:5)
  4 quokkas
  5 frilled lizards
  A giant cockroach zombie (D:5)
  6 kobolds
  5 rats
98 creatures vanquished.

Notes
Turn   | Place    | Note
-------+----------+-------------------------------------------
     0 | D:1      | Lauz the Minotaur Berserker began the quest for the Orb.
     0 | D:1      | Reached XP level 1. HP: 19/19 MP: 0/0
   181 | D:1      | Reached skill level 4 in Long Blades
   181 | D:1      | Reached XP level 2. HP: 27/27 MP: 1/1
   934 | D:2      | Reached XP level 3. HP: 29/33 MP: 2/2
  1036 | D:2      | Found a shattered altar of Ashenzari.
  1045 | D:2      | Reached ** piety under Trog
  1046 | D:2      | Reached skill level 5 in Long Blades
  1703 | D:3      | Reached XP level 4. HP: 41/41 MP: 3/3
  1860 | D:3      | Noticed a centaur
  1878 | D:3      | Killed a centaur
  1878 | D:3      | Reached skill level 6 in Long Blades
  1878 | D:3      | Reached XP level 5. HP: 23/47 MP: 4/4
  2154 | D:3      | Noticed Grinder
  2164 | D:3      | Killed Grinder
  2164 | D:3      | Reached skill level 5 in Fighting
  2164 | D:3      | Reached skill level 7 in Long Blades
  2164 | D:3      | Reached XP level 6. HP: 35/56 MP: 5/5
  2479 | D:3      | Reached skill level 8 in Long Blades
  3036 | D:3      | Found a faded altar of an unknown god.
  3256 | D:4      | Noticed Ijyb
  3265 | D:4      | Killed Ijyb
  3312 | D:4      | Noticed a hippogriff
  3325 | D:4      | Killed a hippogriff
  3325 | D:4      | Reached skill level 9 in Long Blades
  3325 | D:4      | Reached XP level 7. HP: 48/62 MP: 6/6
  3544 | D:4      | Noticed Sigmund
  3560 | D:4      | Killed Sigmund
  3560 | D:4      | Reached *** piety under Trog
  3560 | D:4      | Reached skill level 10 in Long Blades
  3842 | D:4      | Reached XP level 8. HP: 70/70 MP: 7/7
  4117 | D:5      | Entered Level 5 of the Dungeon
  5059 | D:5      | Found a transporter.
  5066 | D:5      | Noticed bmj180's ghost (amateur TrFi)
  5068 | D:5      | Found a transporter.
  5095 | D:5      | Mangled by bmj180's ghost

Skill      XL: |  1  2  3  4  5  6  7  8 |
---------------+-------------------------+-----
Long Blades    | 4 5 6 7 9 10 | 10.8
Fighting       | 4 5 6 |  6.6
Armour         | 3 |  3.4
Dodging        | |  2.9
Shields        | |  0.4

Action                   |  1- 3 |  4- 6 |  7- 9 || total
-------------------------+-------+-------+-------++-------
Melee: Falchion          |    82 |    60 |   104 ||   246
       Headbutt          |    16 |    14 |    19 ||    49
Invok: Berserk           |       |     3 |     2 ||     5
  Eat: Chunk             |     2 |     4 |     4 ||    10
       Ration            |       |     1 |     1 ||     2
Armor: Animal skin       |    14 |    11 |       ||    25
       Leather armour    |       |     3 |    18 ||    21
Dodge: Dodged            |    54 |    49 |    52 ||   155
Block: Shield            |     3 |       |       ||     3
       Rpst.: Falchion   |    12 |    12 |    10 ||    34
